 Dungeon Crawl Stone Soup version 0.22.1-2-g9c5b331 (webtiles) character file.

31 Megacaesar the Ruffian (level 3, -2/33 HPs)
             Began as an Ogre Transmuter on Dec 20, 2018.
             Slain by Robin
             ... wielding a +1 trident of protection
              (6 damage)
             ... on level 2 of the Dungeon.
             The game lasted 00:06:34 (1131 turns).

Megacaesar the Ruffian (Ogre Transmuter)            Turns: 1131, Time: 00:06:36

Health: -2/33      AC:  3    Str: 19    XL:     3   Next: 22%
Magic:  7/7        EV: 10    Int: 14    God:
Gold:   45         SH:  0    Dex:  9    Spells: 6/7 levels left

rFire    . . .     SeeInvis .     - Unarmed
rCold    . . .     Gourm    .   (no shield)
rNeg     . . .     Faith    .   b - +0 robe
rPois    .         Spirit   .   (helmet restricted)
rElec    .         Reflect  .   (no cloak)
rCorr    .         Harm     .   (gloves unavailable)
MR       .....                  (boots unavailable)
Stlth    +.........             (no amulet)
HPRegen  0.11/turn              k - +4 ring of strength
MPRegen  0.10/turn              (no ring)

@: appendage (expiring)
A: large, unfitting armour, talons 3, tough skin 1
a: End Transformation


You were on level 2 of the Dungeon.
You were not hungry.
You had grown temporary talons.
You visited 1 branch of the dungeon, and saw 2 of its levels.

You collected 45 gold pieces.

Inventory:

Hand Weapons
 a - a +2 spear of piercing
 m - a +0 quarterstaff
Missiles
 i - 53 arrows
Armour
 b - a +0 robe (worn)
Jewellery
 k - a +4 ring of strength (left hand)
Scrolls
 c - 2 scrolls of identify
 e - a scroll of blinking {unknown}
 j - a scroll of remove curse {unknown}
Potions
 f - a potion of ambrosia {unknown}
 g - a potion of heal wounds {unknown}
 h - a potion of mutation {unknown}
 l - 2 potions of curing
Comestibles
 d - a ration
 n - 3 chunks of flesh


   Skills:
 + Level 1.6 Fighting
 + Level 2.0 Dodging
 - Level 0.1 Stealth
 * Level 3.3 Unarmed Combat
 + Level 2.7 Spellcasting
 * Level 2.0 Transmutations


You had 6 spell levels left.
You knew the following spells:

 Your Spells              Type           Power        Failure   Level  Hunger
a - Beastly Appendage     Tmut           #.....       10%         1    #......

Your spell library contained the following spells:

 Spells                   Type           Power        Failure   Level  Hunger
 Sticks to Snakes         Tmut           #.......     14%         2    ###....
 Spider Form              Tmut/Pois      #.........   41%         3    ###....
 Ice Form                 Ice/Tmut       #.......     82%         4    #####..
 Blade Hands              Tmut           #.........   95%         5    ######.


Dungeon Overview and Level Annotations

Branches:
Dungeon (2/15)

Altars:

Annotations:
D:2 Robin


Innate Abilities, Weirdness & Mutations

You are too large for most types of armour.
You have tough skin. (AC +1)
You have claws for feet.


Message History

Your Transmutations skill increases to level 2!
Robin throws the goblin at you!
You hit the goblin.
You kill the goblin!
You hit Robin but do no damage. You claw Robin!
Robin is severely wounded.
Robin throws the goblin at you! The goblin closely misses you.
You hit the goblin.
The goblin is severely wounded.
Robin hits you with a trident of protection.
You miss the goblin. Your kick misses the goblin.
The goblin is severely wounded.
The goblin closely misses you. Robin closely misses you.
You closely miss the goblin. Your kick misses the goblin.
The goblin is severely wounded.
The goblin hits you with a club!
* * * LOW HITPOINT WARNING * * *
A goblin comes into view. It is wielding a dagger.
Robin hits you with a trident of protection.
You die...

#.# #.###.#..###.# #..
#g# #............# #..
#.## ####.######### ##.
#.#g#### #.# ##'
..###...# #.# ##.. #..#
##g.# #.#### ##... #.#
##.# #.##.## ##.... #.
##g.######.#...####..<..
'
#.....g@g.>.......'.....
.
#.##.######.#...####.....
......# ##.##.### ##....
##.##### #.......# ##...
# #..####.# ##..
#..####.# ##+ #....##.#
#. #.##.##.# #. #.##.##.#
##.


You could see Robin and 2 goblins.

Vanquished Creatures
  A worm (D:2)
  A dart slug (D:1)
  3 giant cockroaches
  6 goblins
  A hobgoblin (D:1)
  2 kobolds (D:1)
  6 bats
  3 frilled lizards (D:1)
  3 rats
26 creatures vanquished.

Notes
Turn   | Place    | Note
-------+----------+-------------------------------------------
     0 | D:1      | Megacaesar the Ogre Transmuter began the quest for the Orb.
     0 | D:1      | Reached XP level 1. HP: 19/19 MP: 3/3
   290 | D:1      | Reached skill level 3 in Unarmed Combat
   342 | D:1      | Reached XP level 2. HP: 27/27 MP: 5/5
  1021 | D:2      | Reached XP level 3. HP: 32/33 MP: 7/7
  1098 | D:2      | Noticed Robin
  1131 | D:2      | Slain by Robin

Skill      XL: |  1  2  3 |
---------------+----------+-----
Unarmed Combat | 3 |  3.3
Dodging        | 2 |  2.0
Transmutations | 2 |  2.0
Fighting       | |  1.6
Stealth        | |  0.1
Spellcasting   | |  2.7

Action                   || total
-------------------------++-------
Melee: Unarmed           ||    78
       Spear             ||    27
       Punch             ||     1
       Kick              ||     2
 Cast: Beastly Appendage ||     6
  Use: Scroll            ||     1
  Eat: Chunk             ||     1
Armor: Robe              ||    23
Dodge: Dodged            ||    52
